 Dungeon Crawl Stone Soup version 0.15-a0-1403-g2cecdf4 (webtiles) character file.

22723 Charly the Thaumaturge (level 12, 64/64 HPs)
             Began as a Deep Elf Ice Elementalist on June 9, 2014.
             Was a Priest of Vehumet.
             Quit the game on Level 2 of the Lair of Beasts on June 11, 2014.
             The game lasted 04:40:05 (22359 turns).

Charly the Thaumaturge (Deep Elf Ice Elementalist) Turns: 22359, Time: 04:40:05

HP  64/64        AC  9     Str 10      XL: 12   Next: 65%
MP  30/36        EV 18     Int 24      God: Vehumet [***...]
Gold 946         SH  0     Dex 19      Spells:  6 memorised, 20 levels left

rFire  x . .     SeeInvis .     (no weapon)
rCold  + . .     Clarity  .     Z - +1 leather armour "Schoadulo" {Str+3 Dex+4}
rNeg   . . .     rCorr    .     (no shield)
rPois  .         rRot     .     H - +0 hat
rElec  .         Spirit   .     C - +0 cloak
SustAb .         Warding  .     G - +0 pair of gloves
rMut   .         Stasis   +     B - +2 pair of boots {+Jump}
Gourm  .                        l - amulet of stasis
MR     +....                    w - cursed ring of teleportation
                                y - ring of ice

@: somewhat resistant to hostile enchantments, unstealthy
A: no striking features
a: Renounce Religion, Evoke Jump Attack, Evoke Teleportation


You were on level 2 of the Lair of Beasts.
You worshipped Vehumet.
Vehumet was most pleased with you.
You were not hungry.

You visited 3 branches of the dungeon, and saw 15 of its levels.

You collected 946 gold pieces.

Inventory:

Hand weapons
 a - the +5,-2 short sword of Calculation {flame, +Blink +Fly}
   (You found it on level 6 of the Dungeon)

   It emits flame when wielded, causing extra injury to most foes and up to
   double damage against particularly susceptible opponents.
   Big, fiery blades are also staple armaments of hydra-hunters.
   It lets you fly.
   It lets you blink.
 r - a +5,+1 quarterstaff of protection
Armour
 A - a +2 robe of cold resistance
 B - a +2 pair of boots of jumping (worn)
 C - a +0 cloak (worn)
 G - a +0 pair of gloves (worn)
 H - a +0 hat (worn)
 Z - the +1 leather armour "Schoadulo" (worn) {Str+3 Dex+4}
   (You found it on level 2 of the Lair of Beasts)

   It affects your strength (+3).
   It affects your dexterity (+4).
Magical devices
 D - a wand of digging (15)
 F - a wand of hasting (0)
 M - a wand of heal wounds (4)
Comestibles
 b - a bread ration
 k - 4 royal jellies
Scrolls
 j - 2 scrolls of fear
 q - 3 scrolls of fog
 v - 8 scrolls of teleportation
Jewellery
 d - a +4 ring of dexterity
 f - an uncursed amulet of faith
 l - an amulet of stasis (around neck)
 n - an uncursed ring of positive energy
 p - an uncursed ring of poison resistance
 w - a cursed ring of teleportation (right hand)
 y - a ring of ice (left hand)
 z - an uncursed ring of see invisible
Potions
 c - 5 potions of curing
 e - a potion of haste
 g - 2 potions of lignification
 h - a potion of heal wounds
 m - a potion of flight
 o - 2 potions of mutation
 s - a potion of berserk rage
 u - a potion of confusion {unknown}
 N - 2 potions of agility
 Q - a potion of restore abilities
Books
 t - a book of Envenomations

   Spells                             Type                      Level
   Spider Form                        Transmutation/Poison         3
   Alistair's Intoxication            Transmutation/Poison         4
   Olgreb's Toxic Radiance            Poison                       4
   Poisonous Cloud                    Conjuration/Poison/Air       6


   Skills:
 * Level 2.9 Fighting
 - Level 9.0 Dodging
 - Level 2.4 Stealth
 + Level 13.7 Spellcasting
 - Level 11.0 Conjurations
 - Level 4.0 Summonings
 - Level 13.0 Ice Magic
 - Level 6.0 Evocations


You had 20 spell levels left.
You knew the following spells:

 Your Spells              Type           Power        Failure   Level  Hunger
a - Ozocubu's Armour      Chrm/Ice       ######....   1%          3    None
b - Summon Ice Beast      Ice/Summ       ######..     1%          4    None
f - Throw Frost           Conj/Ice       ######       1%          2    None
i - Throw Icicle          Conj/Ice       #######.     1%          4    None
s - Condensation Shield   Ice            #######...   1%          4    None
z - Freeze                Ice            ####         1%          1    None


Dungeon Overview and Level Annotations

Branches:
Dungeon (11/15)            Temple (1/1) D:5             Orc (0/4) D:9
   Lair (3/8) D:11
  Swamp: Lair:3-6    Shoals: Lair:3-6     Snake: Lair:3-6    Spider: Lair:3-6

Altars:
Ashenzari
Cheibriados
Dithmenos
Elyvilon
Fedhas
Gozag
Kikubaaqudgha
Makhleb
Nemelex Xobeh
Okawaru
Qazlal
Sif Muna
Trog
Vehumet
Xom
Yredelemnul
Zin
The Shining One


Message History

Press ? for a list of commands and other information.
Okay, then.
Saving game... please wait.
Welcome back, Charly the Deep Elf Ice Elementalist.
Vehumet says: Let it end in hellfire!
Press ? for a list of commands and other information.
Okay, then.
Things that are here:
a book of Summonings; a book of Debilitation
Okay, then.
You see here a book of Frost.
Okay, then.
Things that are here:
2 potions of agility; a potion of lignification; 2 potions of curing
Items here: ???? 2 scrolls of enchant weapon II; 2 scrolls of magic mapping 4 scrolls of immolation; 2 scrolls of enchant weapon I Drink which item? (? for menu, Esc to quit)
Okay, then.
Are you sure you want to abandon this character and quit the game? (Confirm with "yes".)

##..#.#.##.#P...P..####...#####.
##.......................##P..#.
#...........##.#.#####...#.....#
#..#....[......................#
##..##..(P..##).....#...........
#.........###[...%.##..........
##.##P.....P.#(.....=#..........
#..###.Y........<...####.......#
##.###.......#%@!...## #.......#
###.#.....#..#######.:#
##.#..P.. .P..PPP#..#.##
####:#####.#...P. ............#
#.######.#....... #..####.##.##
##................ ####
#..#######P...#.###P.##.###
##.......##...### ##..### #
#.#..##.##..## #.###
#..#P##.##...# #.#.#


You could see a yak (wandering).

Vanquished Creatures
  Fannar (Lair:3)
  An ice dragon (Lair:2)
  3 hydras
  Pikel (D:4)
  A hill giant (D:10)
  4 black mambas
  A fire drake (Lair:3)
  7 spiny frogs
  3 komodo dragons
  A troll (D:9)
  A two-headed ogre (D:8)
  A trapdoor spider zombie (D:9)
  A trapdoor spider (D:7)
  18 yaks
  A hungry ghost (D:9)
  2 hippogriffs
  Eustachio (D:7)
  A deep elf mage (D:11)
  A human (D:8)
  2 sharks (Lair:2)
  A wolf (Lair:3)
  3 porcupines (Lair:2)
  4 water moccasins
  A yellow wasp (D:11)
  A necrophage (D:9)
  A black bear (D:8)
  6 ice beasts
  6 orc warriors
  3 centaurs
  4 sky beasts
  2 slaves (D:4)
  2 phantoms
  5 crocodiles
  7 ogres
  Duvessa (D:4)
  4 big kobolds
  6 giant frogs
  3 jellies
  3 killer bees (D:9)
  A scorpion (D:6)
  3 electric eels
  A hippogriff skeleton (D:8)
  Dowan (D:4)
  4 big fish
  5 crimson imps
  A two-headed ogre zombie (D:11)
  Crazy Yiuf (D:4)
  A black bear zombie (D:10)
  6 iguanas
  4 orc priests
  A gnoll shaman (D:8)
  8 orc wizards
  7 worker ants
  8 hounds
  A big kobold zombie (D:9)
  A hound zombie (D:7)
  An ogre skeleton (D:4)
  Terence (D:2)
  16 adders
  A worker ant zombie (D:8)
  9 gnolls
  2 giant mites
  28 green rats (Lair:2)
  2 shadow imps (D:5)
  4 worms
  An adder skeleton (D:9)
  6 giant geckos
  An ooze (D:4)
  29 orcs
  14 bats
  3 giant cockroaches
  13 goblins
  17 hobgoblins
  11 jackals
  20 kobolds
  2 ball pythons (D:6)
  A giant gecko zombie (D:7)
  A giant newt (D:4)
  An orc skeleton (D:6)
  11 quokkas
  A quokka zombie (D:5)
  13 rats
  A rat zombie (D:7)
  2 plants (Lair:2)
381 creatures vanquished.

Vanquished Creatures (collateral kills)
  Gastronok (Lair:3)
  A hydra (D:9)
  Erica (Lair:3)
  A cyclops (D:11)
  A gargoyle (D:9)
  Prince Ribbit (D:4)
  7 yaks
  A human (D:8)
  A wolf (Lair:3)
  A slave (D:4)
  2 orc warriors (D:7)
  A sky beast (D:7)
  2 centaurs
  Sigmund (D:7)
  Blork the orc (D:7)
  2 hounds
  A giant frog zombie (D:7)
  An iron imp (D:7)
  A worker ant (D:7)
  2 sheep (D:9)
  A mummy (D:10)
  A green rat (Lair:2)
  A shadow imp (D:7)
  6 orcs
  A rat (D:8)
40 creatures vanquished.

Vanquished Creatures (others)
  16 ice beasts
  8 fungi
  2 plants
26 creatures vanquished.

Grand Total: 447 creatures vanquished

Notes
Turn   | Place    | Note
--------------------------------------------------------------
     0 | D:1      | Charly, the Deep Elf Ice Elementalist, began the quest for the Orb.
     0 | D:1      | Reached XP level 1. HP: 10/10 MP: 5/5
   127 | D:1      | Found a snail-covered altar of Cheibriados.
   424 | D:1      | Reached XP level 2. HP: 15/15 MP: 3/8
   485 | D:1      | Learned a level 2 spell: Throw Frost
   617 | D:1      | Reached skill level 4 in Ice Magic
  1447 | D:2      | Noticed Terence
  1459 | D:2      | Reached XP level 3. HP: 15/19 MP: 2/11
  1464 | D:2      | Learned a level 3 spell: Ozocubu's Armour
  1563 | D:2      | Killed Terence
  1772 | D:2      | Found a blossoming altar of Fedhas.
  2331 | D:2      | Reached XP level 4. HP: 22/24 MP: 11/15
  2450 | D:2      | Found a glowing golden altar of the Shining One.
  2737 | D:3      | Reached skill level 5 in Ice Magic
  2869 | D:3      | Learned a level 4 spell: Condensation Shield
  3397 | D:3      | Noticed a fire elemental
  3398 | D:3      | Found a stormy altar of Qazlal.
  3424 | D:3      | Noticed a water elemental
  3428 | D:3      | Noticed an air elemental
  3451 | D:3      | Reached XP level 5. HP: 12/28 MP: 12/18
  3697 | D:3      | Reached skill level 5 in Spellcasting
  4077 | D:3      | Noticed an orc warrior
  4106 | D:3      | HP: 1/28 [orc warrior/halberd (23)]
  4108 | D:3      | Killed an orc warrior
  4108 | D:3      | Reached XP level 6. HP: 20/32 MP: 1/21
  4267 | D:3      | Learned a level 4 spell: Summon Ice Beast
  4313 | D:4      | Noticed Prince Ribbit
  4492 | D:4      | Reached skill level 6 in Spellcasting
  5071 | D:4      | Noticed Duvessa
  5076 | D:4      | Killed Prince Ribbit
  5076 | D:4      | Reached skill level 7 in Spellcasting
  5076 | D:4      | Reached skill level 1 in Summonings
  5076 | D:4      | Reached XP level 7. HP: 36/36 MP: 1/25
  5221 | D:4      | Killed Duvessa
  5224 | D:4      | Noticed Dowan
  5230 | D:4      | Killed Dowan
  5295 | D:4      | Noticed Crazy Yiuf
  5300 | D:4      | Killed Crazy Yiuf
  5348 | D:4      | Learned a level 4 spell: Throw Icicle
  5505 | D:4      | Noticed Pikel
  5600 | D:4      | Killed Pikel
  5600 | D:4      | Reached skill level 8 in Spellcasting
  5600 | D:4      | Reached XP level 8. HP: 31/41 MP: 0/28
  6204 | D:5      | Entered Level 5 of the Dungeon
  6212 | D:5      | Reached skill level 9 in Spellcasting
  6990 | D:5      | Found a staircase to the Ecumenical Temple.
  6999 | Temple   | Entered the Ecumenical Temple
  7020 | Temple   | Became a worshipper of Vehumet
  7569 | D:6      | Found a shimmering altar of Xom.
  7576 | D:6      | You fall through a shaft!
  7576 | D:7      | Noticed Sigmund
  7860 | D:7      | Found a shadowy altar of Dithmenos.
  7860 | D:7      | Found an opulent altar of Gozag.
  7861 | D:7      | Found a basalt altar of Yredelemnul.
  8156 | D:6      | Reached skill level 10 in Spellcasting
  8449 | D:6      | Got a twisted short sword
  8450 | D:6      | Identified the cursed +5,-2 short sword of Calculation {flame, +Blink +Fly} (You found it on level 6 of the Dungeon)
  8565 | D:6      | Reached XP level 9. HP: 40/45 MP: 4/30
  8847 | D:6      | Acquired Vehumet's first power
  8847 | D:6      | Offered knowledge of Sandblast by Vehumet.
  8875 | D:7      | Noticed Blork the orc
  8915 | D:7      | Killed Sigmund
  8940 | D:7      | Reached skill level 1 in Evocations
  8994 | D:7      | Killed Blork the orc
  9258 | D:7      | Noticed Eustachio
  9278 | D:7      | Killed Eustachio
  9437 | D:7      | Reached skill level 11 in Spellcasting
 10267 | D:8      | Found a snail-covered altar of Cheibriados.
 10809 | D:8      | Reached skill level 5 in Conjurations
 11072 | D:8      | Offered knowledge of Shock by Vehumet.
 11201 | D:8      | Reached skill level 10 in Ice Magic
 11271 | D:8      | Found an iron altar of Okawaru.
 11420 | D:8      | Found a white marble altar of Elyvilon.
 11427 | D:8      | Reached skill level 12 in Spellcasting
 11427 | D:8      | Reached XP level 10. HP: 50/50 MP: 24/32
 12069 | D:9      | Offered knowledge of Searing Ray by Vehumet.
 12284 | D:9      | Reached skill level 5 in Evocations
 12380 | D:9      | Noticed a seven-headed hydra
 12657 | D:9      | Killed a seven-headed hydra
 12852 | D:9      | Acquired Vehumet's second power
 13170 | D:9      | Reached skill level 5 in Dodging
 13571 | D:9      | Noticed a two-headed hydra
 13576 | D:9      | Killed a two-headed hydra
 13671 | D:9      | Offered knowledge of Fulminant Prism by Vehumet.
 13672 | D:9      | Reached XP level 11. HP: 54/54 MP: 1/34
 14074 | D:9      | Found a staircase to the Orcish Mines.
 14591 | D:10     | Entered Level 10 of the Dungeon
 14898 | D:10     | Acquired Vehumet's third power
 14993 | D:9      | Offered knowledge of Venom Bolt by Vehumet.
 15442 | D:10     | Noticed a hill giant
 15455 | D:10     | Killed a hill giant
 16680 | D:11     | Found a sparkling altar of Nemelex Xobeh.
 16860 | D:11     | Found a staircase to the Lair.
 16955 | Lair:1   | Entered Level 1 of the Lair of Beasts
 17201 | Lair:1   | Found a blossoming altar of Fedhas.
 17550 | Lair:1   | Reached skill level 10 in Conjurations
 19548 | Lair:2   | Noticed an ice dragon
 19606 | Lair:2   | Killed an ice dragon
 19606 | Lair:2   | Reached XP level 12. HP: 36/59 MP: 4/34
 19968 | Lair:2   | Offered knowledge of Bolt of Draining by Vehumet.
 20498 | Lair:2   | Got an encrusted leather armour
 20517 | Lair:2   | Identified the cursed +1 leather armour "Schoadulo" {Str+3 Dex+4} (You found it on level 2 of the Lair of Beasts)
 20804 | Lair:3   | Noticed a seven-headed hydra
 20809 | Lair:3   | Killed a seven-headed hydra
 20809 | Lair:3   | Reached skill level 13 in Ice Magic
 20810 | Lair:3   | Noticed Fannar
 21096 | Lair:3   | Reached skill level 1 in Fighting
 21247 | Lair:3   | Noticed Erica
 21264 | Lair:3   | Killed Erica
 21519 | Lair:3   | Noticed Gastronok
 21573 | Lair:3   | Killed Gastronok
 21755 | Lair:3   | Killed Fannar
 21998 | Lair:3   | Noticed an eight-headed hydra
 22033 | Lair:3   | Killed an eight-headed hydra
 22346 | Lair:2   | Upgraded the game from 0.15-a0-1363-g87d8b17 to 0.15-a0-1387-gd422dff
 22346 | Lair:2   | Upgraded the game from 0.15-a0-1387-gd422dff to 0.15-a0-1403-g2cecdf4
 22359 | Lair:2   | Quit the game

Action                   |  1- 3 |  4- 6 |  7- 9 | 10-12 || total
-------------------------+-------+-------+-------+-------++-------
Melee: Cutlass           |       |       |    17 |       ||    17
       Short sword       |       |       |    27 |    64 ||    91
Throw: Stone             |    55 |    59 |   151 |   127 ||   392
       Throwing net      |       |     2 |       |       ||     2
 Cast: Freeze            |    49 |    58 |    95 |   129 ||   331
       Throw Frost       |    13 |    54 |    74 |   253 ||   394
       Ozocubu's Armour  |     1 |     3 |    11 |    12 ||    27
       Condensation Shie |       |     3 |     6 |    10 ||    19
       Summon Ice Beast  |       |     2 |    29 |    52 ||    83
       Throw Icicle      |       |       |    59 |   149 ||   208
 Abil: Evoke Blink       |       |       |     2 |    14 ||    16
       Evoke Flight      |       |       |       |     3 ||     3
Evoke: Wand              |       |     5 |     1 |     2 ||     8
  Use: Scroll            |     5 |     4 |    12 |    14 ||    35
       Potion            |     1 |     3 |     3 |     6 ||    13
 Stab: Sleeping          |       |       |     1 |       ||     1
